[Event "Titled Tuesday Blitz May 31 Early 2022"]
[White "Hambleton, Aman"]
[Black "Xu, Yi"]
[WhiteFideId "2606577"]
[BlackFideId "8605564"]
[WhiteElo "2552"]
[BlackElo "2471"]
[Result "0-1"]
[Round "10"]
[TimeControl "180+1"]
[Date "2022.05.31"]
[WhiteClock "0:00:01"]
[BlackClock "0:00:25"]

1. d4 Nf6 2. c4 e6 3. Nc3 Bb4 4. Qc2 O-O 5. Nf3 c5 6. dxc5 Na6 7. g3 Nxc5 8. Bg2 Nce4 9. O-O Nxc3 10. bxc3 Be7 11. e4 d6 12. e5 dxe5 13. Nxe5 Qc7 14. Re1 Bd6 15. Qe2 Bxe5 16. Qxe5 Qxe5 17. Rxe5 Rd8 18. Bf4 h6 19. Rb5 g5 20. Be5 Ng4 21. Bd4 e5 22. Bxe5 Nxe5 23. Rxe5 Rb8 24. Ra5 a6 25. Bd5 b6 26. Ra3 b5 27. Re1 Kf8 28. h4 gxh4 29. gxh4 bxc4 30. Bxc4 Rb6 31. Re4 Rg6+ 32. Kf1 Rd2 33. Rf4 Bh3+ 34. Ke1 Rb2 35. Bxf7 Rg1# 0-1


[Site "https://www.chess.com"]

[Event "Titled Tuesday Blitz May 31 Early 2022"]
[White "Dronavalli, Harika"]
[Black "Martin Carmona, Gaston Manuel"]
[WhiteFideId "5015197"]
[BlackFideId "22284567"]
[WhiteElo "2382"]
[BlackElo "2162"]
[Result "1-0"]
[Round "10"]
[TimeControl "180+1"]
[Date "2022.06.01"]
[WhiteClock "0:00:28"]
[BlackClock "0:00:06"]

1. Nf3 Nf6 2. c4 c5 3. Nc3 g6 4. g3 Bg7 5. Bg2 O-O 6. d4 cxd4 7. Nxd4 Nc6 8. O-O Nxd4 9. Qxd4 d6 10. Rd1 Be6 11. Bd2 Rc8 12. b3 Nd5 13. Qd3 Nxc3 14. Bxc3 Bxc3 15. Qxc3 b5 16. h4 bxc4 17. b4 f6 18. h5 Kg7 19. Bd5 Qd7 20. e4 Bg4 21. f3 Be6 22. Kg2 Rb8 23. a4 Rfc8 24. b5 Rc5 25. Rd2 Rbc8 26. Re1 Bh3+ 27. Kf2 e6 28. h6+ Kf7 29. g4 exd5 30. exd5 Bxg4 31. fxg4 Qxg4 32. Qe3 R5c7 33. Rd4 Qf5+ 34. Rf4 Qxd5 35. Rd4 Qf5+ 36. Rf4 Qc5 37. Rd4 Qe5 38. Re4 Qh2+ 39. Kf1 Qh1+ 40. Kf2 Qh2+ 41. Kf1 Qh1+ 42. Ke2 Qh5+ 43. Kd2 Qh2+ 44. Kc1 g5 45. Re7+ Kg6 46. Qe4+ Kh5 47. Rh1 Qxh1+ 48. Qxh1+ Kg6 49. Qe4+ 1-0


[Site "https://www.chess.com"]

[Event "Titled Tuesday Blitz May 31 Early 2022"]
[White "Harvey, Marcus R"]
[Black "Boder, Jan"]
[WhiteFideId "400092"]
[BlackFideId "16243226"]
[WhiteElo "2485"]
[BlackElo "2064"]
[Result "1/2-1/2"]
[Round "10"]
[TimeControl "180+1"]
[Date "2022.05.31"]
[WhiteClock "0:00:04"]
[BlackClock "0:00:03"]

1. e4 c5 2. Nf3 g6 3. d4 cxd4 4. Nxd4 Nc6 5. c4 Nf6 6. Nc3 d6 7. Be2 Nxd4 8. Qxd4 Bg7 9. Be3 O-O 10. Qd2 Be6 11. f3 Qa5 12. Kf2 Rfc8 13. Nd5 Qxd2 14. Bxd2 Nxd5 15. exd5 Bd7 16. Rab1 b5 17. b3 a5 18. cxb5 Rc5 19. Bc4 Bd4+ 20. Be3 Bxe3+ 21. Kxe3 Bxb5 22. Kd4 a4 23. Rhc1 Bxc4 24. bxc4 a3 25. Rb4 Kg7 26. Rc3 Kf6 27. f4 h6 28. g3 h5 29. Re3 Ra7 30. Kc3 Kf5 31. Kb3 Rca5 32. Rb5 Ra4 33. Rxe7 Rxe7 34. Kxa4 Re2 35. Kxa3 Rxh2 36. Rb3 Rc2 37. Kb4 Rxa2 38. Re3 Rb2+ 39. Ka5 Kg4 40. Rd3 f6 41. c5 dxc5 42. d6 Rb8 43. d7 Rd8 44. Kb6 c4 45. Rd6 Kxg3 46. Kc7 Rxd7+ 47. Kxd7 Kxf4 48. Rxf6+ Kg5 49. Ke6 h4 50. Ke5 h3 51. Rf2 Kg4 52. Ke4 g5 53. Rc2 Kg3 54. Rc3+ Kg2 55. Rc2+ Kg3 56. Rc3+ Kg2 57. Kf5 h2 58. Rc2+ Kg1 59. Rc1+ Kg2 60. Rc2+ Kg3 61. Rc3+ Kg2 62. Rc2+ 1/2-1/2


[Site "https://www.chess.com"]

[Event "Titled Tuesday Blitz May 31 Early 2022"]
[White "Indjic, Aleksandar"]
[Black "Sadubayev, Airat"]
[WhiteFideId "911925"]
[BlackFideId "13713264"]
[WhiteElo "2616"]
[BlackElo "2234"]
[Result "0-1"]
[Round "10"]
[TimeControl "180+1"]
[Date "2022.05.31"]
[WhiteClock "0:00:01"]
[BlackClock "0:00:07"]

1. d4 d5 2. Nf3 Nf6 3. Bf4 c5 4. e3 Nc6 5. Nbd2 Qb6 6. dxc5 Qxb2 7. Rb1 Qc3 8. Bb5 Bd7 9. O-O e6 10. e4 Bxc5 11. exd5 exd5 12. Rb3 Qa5 13. Re1+ Be6 14. Bd3 Nb4 15. Be5 Ng4 16. Bg3 Nxd3 17. Rxd3 Qxa2 18. Nb3 Bb6 19. Nbd4 O-O 20. Qc1 h6 21. Bh4 Bd8 22. Bxd8 Raxd8 23. h3 Nf6 24. Ne5 Qa5 25. Re2 Rfe8 26. Qf4 Qc7 0-1


[Site "https://www.chess.com"]

[Event "Titled Tuesday Blitz May 31 Early 2022"]
[White "Jumabayev, Rinat"]
[Black "Atakhan, Abtin"]
[WhiteFideId "13702661"]
[BlackFideId "22502203"]
[WhiteElo "2561"]
[BlackElo "2094"]
[Result "0-1"]
[Round "10"]
[TimeControl "180+1"]
[Date "2022.05.31"]
[WhiteClock "0:00:01"]
[BlackClock "0:00:04"]

1. d4 d5 2. c4 c6 3. Nf3 Nf6 4. Qb3 dxc4 5. Qxc4 g6 6. Bg5 Bg7 7. Nc3 O-O 8. e3 b5 9. Qb3 Be6 10. Qc2 b4 11. Na4 Qa5 12. b3 Bf5 13. Bd3 Bg4 14. Ne5 Nfd7 15. Nxd7 Nxd7 16. Bxe7 Rfe8 17. Qxc6 Rac8 18. Qd6 Ne5 19. Be4 Qb5 20. f3 Nd3+ 21. Kd2 Nf2 22. Rhe1 Nxe4+ 23. fxe4 Be2 24. Nb2 a5 25. Rac1 Bg4 26. Rc5 Qb7 27. Rxc8 Qxc8 28. Rc1 Qb7 29. Rc7 Qxe4 30. Qg3 Bf5 31. Qf3 Qb1 32. Nd1 Qxa2+ 33. Ke1 Qxb3 34. d5 a4 35. d6 Qd3 36. Qc6 Rb8 37. d7 Bxd7 38. Rxd7 Qf5 39. Qd6 Re8 40. Qxb4 Qxd7 41. Bc5 Rd8 42. Nf2 a3 43. Qxa3 Qd2+ 44. Kf1 Qc2 45. g4 Qc4+ 46. Kg2 Qd5+ 47. Kf1 Qf3 0-1


[Site "https://www.chess.com"]

[Event "Titled Tuesday Blitz May 31 Early 2022"]
[White "Kamsky, Gata"]
[Black "Bachmann, Axel"]
[WhiteFideId "2000024"]
[BlackFideId "3700488"]
[WhiteElo "2645"]
[BlackElo "2587"]
[Result "0-1"]
[Round "10"]
[TimeControl "180+1"]
[Date "2022.05.31"]
[WhiteClock "0:00:03"]
[BlackClock "0:00:09"]

1. e4 d6 2. f4 Nf6 3. Nc3 d5 4. e5 d4 5. Nce2 Nd5 6. Nxd4 Nxf4 7. Ndf3 c5 8. d4 Ng6 9. d5 e6 10. Bb5+ Bd7 11. dxe6 Qa5+ 12. Bd2 Qxb5 13. exd7+ Nxd7 14. Bc3 O-O-O 15. a4 Qc6 16. Qe2 f6 17. Qb5 Ndxe5 18. Bxe5 Nxe5 19. Qxc6+ Nxc6 20. c3 c4 21. Rd1 Bc5 22. Rxd8+ Rxd8 23. Ne2 Be3 24. h4 h5 25. Rh3 Ne7 26. Nfd4 Nd5 27. Nf5 Bc5 28. Rg3 Nb6 29. a5 Na4 30. Rxg7 Nxb2 31. Ned4 Nd3+ 32. Kd2 Nf4 33. Kc2 Rd5 34. a6 bxa6 35. g4 hxg4 36. Rxg4 Nd3 37. Rg8+ Kb7 38. Rg7+ Kb6 39. Rf7 Bxd4 40. Nxd4 Ra5 41. Rxf6+ Kc7 42. Rf7+ Kd6 43. Rf6+ Kd7 44. Rf7+ Ke8 45. Rxa7 Ra2+ 46. Kd1 a5 47. Nb5 Nf2+ 48. Kc1 Nd3+ 49. Kd1 Nf2+ 50. Ke1 Ne4 51. h5 Ra1+ 52. Ke2 Rb1 53. Na3 Nxc3+ 54. Kd2 Rb3 55. Nxc4 Ne4+ 56. Ke2 Rh3 57. Rxa5 Ke7 58. Re5+ Kf6 59. Rxe4 Rxh5 60. Kd3 Rd5+ 61. Ke3 Rf5 62. Kd4 Rf1 63. Ne3 Ra1 64. Nd5+ Kf5 65. Rf4+ Kg5 66. Rf8 Rd1+ 67. Ke4 Re1+ 68. Ne3 Ra1 69. Rf5+ Kg6 70. Rf2 Ra4+ 71. Ke5 Ra5+ 72. Nd5 Ra1 73. Rg2+ Kf7 74. Rf2+ Kg6 75. Ne7+ Kg7 76. Nf5+ Kf7 77. Nd6+ Kg6 78. Rg2+ Kh5 79. Kf6 Kh4 80. Nf5+ Kh3 81. Rg8 Ra6+ 82. Ke5 Ra5+ 83. Kf4 Ra4+ 84. Kf3 Ra3+ 85. Ne3 Kh4 86. Rg1 Kh5 87. Kf4 Ra4+ 88. Ke5 Ra5+ 89. Nd5 Kh4 90. Ke4 Ra4+ 91. Kf3 Ra3+ 92. Kf4 Ra4+ 93. Kf5 Ra5 0-1


[Site "https://www.chess.com"]

[Event "Titled Tuesday Blitz May 31 Early 2022"]
[White "Keymer, Vincent"]
[Black "Agibileg, Uurtsaikh"]
[WhiteFideId "12940690"]
[BlackFideId "4901606"]
[WhiteElo "2548"]
[BlackElo "2205"]
[Result "1-0"]
[Round "10"]
[TimeControl "180+1"]
[Date "2022.05.31"]
[WhiteClock "0:00:04"]
[BlackClock "0:00:02"]

1. Nf3 Nf6 2. c4 g6 3. Nc3 Bg7 4. g3 O-O 5. Bg2 c5 6. O-O d6 7. d4 cxd4 8. Nxd4 Qa5 9. e3 Nc6 10. Bd2 Ne5 11. Qb3 Nfd7 12. Ne4 Qc7 13. Rac1 a6 14. Qc2 Rb8 15. b3 Nc5 16. Nc3 e6 17. f4 Nc6 18. Nxc6 bxc6 19. e4 f5 20. Be3 Bxc3 21. Bxc5 Bg7 22. Bf2 c5 23. Rfe1 Bb7 24. exf5 Bxg2 25. Kxg2 exf5 26. Qe2 Qc6+ 27. Qf3 Qxf3+ 28. Kxf3 Kf7 29. Red1 Rbd8 30. Be1 Rfe8 31. Rd3 Bd4 32. Bc3 Re4 33. Bxd4 cxd4 34. Rcd1 Rde8 35. R1d2 Re3+ 36. Kf2 Rxd3 37. Rxd3 Re4 38. b4 Ke6 39. b5 axb5 40. cxb5 Kd5 41. a4 Kc5 42. Rb3 Kb6 43. h4 d5 44. Kf3 h5 45. Kf2 Re8 46. Rb4 Re4 47. Rb2 Re8 48. a5+ Kxa5 49. b6 1-0


[Site "https://www.chess.com"]

[Event "Titled Tuesday Blitz May 31 Early 2022"]
[White "Kim, Sergey"]
[Black "Ismayil, Malak"]
[WhiteFideId "13700570"]
[BlackFideId "13412604"]
[WhiteElo "2576"]
[BlackElo "1879"]
[Result "1/2-1/2"]
[Round "10"]
[TimeControl "180+1"]
[Date "2022.06.01"]
[WhiteClock "0:00:05"]
[BlackClock "0:00:04"]

1. d4 Nf6 2. c4 e6 3. Nc3 Bb4 4. Qc2 O-O 5. a3 Bxc3+ 6. Qxc3 b6 7. Nf3 Bb7 8. g3 Ne4 9. Qc2 f5 10. Bg2 Nf6 11. O-O d6 12. b4 Nbd7 13. Bb2 Qe7 14. a4 a5 15. b5 Be4 16. Qc3 h6 17. Rac1 Rae8 18. Ba3 Qf7 19. c5 dxc5 20. dxc5 Nd5 21. Qb2 Nxc5 22. Bxc5 bxc5 23. Rxc5 Qe7 24. Rfc1 Qd6 25. Rc6 Qd8 26. Qe5 Rf7 27. Nd4 Bxg2 28. Kxg2 Rfe7 29. Rxe6 Rxe6 30. Nxe6 Qd7 31. Rc6 Nb4 32. Rxc7 Rxe6 33. Qc5 Qd5+ 34. Qxd5 Nxd5 35. Ra7 Rxe2 36. Rxa5 Rb2 37. Ra8+ Kh7 38. h4 Ne3+ 39. Kf3 Nd1 40. Kf4 Rxf2+ 41. Ke5 Kg6 42. b6 Re2+ 43. Kd6 Rd2+ 44. Kc7 Rc2+ 45. Kd7 Rb2 46. a5 Nc3 47. Kc6 Ne2 48. a6 Nd4+ 49. Kb7 Ne6 50. a7 Nc5+ 51. Kc6 Na4 52. Rb8 Rc2+ 53. Kb5 Nc3+ 54. Ka6 Ra2+ 55. Kb7 Nd5 56. a8=Q Rxa8 57. Kxa8 Nxb6+ 58. Rxb6+ Kh5 59. Kb7 g5 60. hxg5 hxg5 61. Kc6 Kg4 62. Rb5 Kxg3 63. Rxf5 g4 64. Kd5 Kh2 65. Ke4 g3 66. Rh5+ Kg2 67. Rg5 Kf2 68. Rf5+ Ke2 69. Rg5 Kf2 70. Ra5 g2 71. Ra2+ Kg3 72. Ra1 Kf2 73. Ra2+ Kg3 74. Ra3+ Kf2 75. Rf3+ Ke2 76. Rg3 Kf2 77. Rf3+ Ke2 78. Rg3 Kf2 79. Rf3+ 1/2-1/2


[Site "https://www.chess.com"]

[Event "Titled Tuesday Blitz May 31 Early 2022"]
[White "Kovalev, Vladislav"]
[Black "Priasmoro, Novendra"]
[WhiteFideId "13504398"]
[BlackFideId "7105029"]
[WhiteElo "2530"]
[BlackElo "2309"]
[Result "1-0"]
[Round "10"]
[TimeControl "180+1"]
[Date "2022.05.31"]
[WhiteClock "0:00:42"]
[BlackClock "0:00:02"]

1. e4 e5 2. Nf3 Nc6 3. Nc3 Nf6 4. d4 exd4 5. Nxd4 Bb4 6. Nxc6 bxc6 7. Bd3 d5 8. exd5 cxd5 9. O-O O-O 10. h3 c6 11. Qf3 Bd6 12. Rd1 Rb8 13. b3 Be5 14. Bb2 Re8 15. Na4 Bxb2 16. Nxb2 Qc7 17. c4 Be6 18. Rac1 d4 19. Bf5 c5 20. Nd3 Qa5 21. Rc2 Bxf5 22. Qxf5 Ne4 23. Re1 g6 24. Qd5 Nc3 25. Rxe8+ Rxe8 26. Qxc5 Qd8 27. Qxa7 Qf6 28. Qc5 Kg7 29. a4 h5 30. a5 Rd8 31. Qe5 Qxe5 32. Nxe5 d3 33. Rd2 Ne4 34. Rxd3 Ra8 35. b4 f6 36. Nc6 Rc8 37. b5 Nc5 38. Rd5 Nb3 39. a6 Rc7 40. a7 Rc8 41. Rd7+ 1-0


[Site "https://www.chess.com"]

[Event "Titled Tuesday Blitz May 31 Early 2022"]
[White "Lazavik, Denis"]
[Black "Cherniaiev, Tykhon"]
[WhiteFideId "13515110"]
[BlackFideId "14182360"]
[WhiteElo "2437"]
[BlackElo "2289"]
[Result "1-0"]
[Round "10"]
[TimeControl "180+1"]
[Date "2022.05.31"]
[WhiteClock "0:00:08"]
[BlackClock "0:00:08"]

1. d4 Nf6 2. c4 e6 3. Nf3 d5 4. Nc3 Be7 5. Bg5 O-O 6. e3 dxc4 7. Bxc4 c5 8. O-O cxd4 9. exd4 Nc6 10. Re1 h6 11. Bh4 Nd5 12. Bxd5 Bxh4 13. Bxc6 bxc6 14. Nxh4 Qxh4 15. Ne4 Rd8 16. Qa4 Bb7 17. Nc5 Rxd4 18. Qa5 Rd5 19. Rac1 Rad8 20. Qxa7 Ba8 21. Qa3 Rd2 22. Rf1 R2d5 23. Qc3 Qg4 24. h3 Qg6 25. b4 Rg5 26. Qf3 Rf5 27. Qe4 Qf6 28. a3 Re5 29. Qc4 Red5 30. Qc3 Qg6 31. Rfe1 Rd2 32. Qe3 Ra2 33. Rcd1 Qf6 34. Rxd8+ Qxd8 35. Qc3 Qd5 36. a4 Qf5 37. Qe3 Rb2 38. Rd1 Kh7 39. Qd4 Qc2 40. Qd3+ Qxd3 41. Nxd3 Rb3 42. a5 Bb7 43. Nc5 Rxb4 44. Rd7 Bc8 45. Rxf7 e5 46. Rc7 Bf5 47. Rxc6 Rb1+ 48. Kh2 Rb2 49. Kg3 h5 50. h4 Rb4 51. f3 Rb2 52. a6 Ra2 53. Rc7 e4 54. fxe4 Bg4 55. a7 Kh6 56. e5 g5 57. e6 Ra3+ 58. Kf2 Ra2+ 59. Ke3 gxh4 60. e7 Kg5 61. Kd3 Bf5+ 62. Kc3 Bg6 63. Kb3 Ra1 64. Rc6 Bf7+ 65. Kb4 Rxa7 66. Ne4+ Kf4 67. Rf6+ Kxe4 68. Rxf7 Rb7+ 69. Kc5 Rb8 70. Rf8 Rb1 71. e8=Q+ Kd3 72. Qg6+ Kd2 73. Qxb1 h3 74. Rf2+ Ke3 75. Qe1+ Kd3 76. Rd2+ Kc3 77. Qc1+ Kb3 78. Rb2+ Ka3 79. Qa1# 1-0


[Site "https://www.chess.com"]

[Event "Titled Tuesday Blitz May 31 Early 2022"]
[White "Le, Tuan Minh"]
[Black "Kucuksari, Kaan"]
[WhiteFideId "12401153"]
[BlackFideId "6380166"]
[WhiteElo "2450"]
[BlackElo "2305"]
[Result "1-0"]
[Round "10"]
[TimeControl "180+1"]
[Date "2022.05.31"]
[WhiteClock "0:01:54"]
[BlackClock "0:00:07"]

1. d4 Nf6 2. Nf3 g6 3. Bg5 Bg7 4. Nbd2 d5 5. c3 O-O 6. e3 c5 7. Bd3 Nc6 8. O-O b6 9. a4 Bb7 10. Qe2 Re8 11. Rfd1 e5 12. dxe5 Nxe5 13. Nxe5 Rxe5 14. Nf3 Re6 15. Ba6 Qc8 16. Bxb7 Qxb7 17. Bxf6 Bxf6 18. Qb5 a6 19. Qb3 Rd8 20. Rd2 Red6 21. Rad1 b5 22. e4 c4 23. Qc2 Bg7 24. axb5 axb5 25. h3 Bf8 26. e5 R6d7 27. Nd4 Re8 28. Re1 Rde7 29. Rde2 Bg7 30. f4 b4 31. Qa4 bxc3 32. bxc3 Bh6 33. f5 Ra8 34. Qc6 Qxc6 35. Nxc6 Rc7 36. Nb4 gxf5 37. Nxd5 Rb7 38. e6 fxe6 39. Rxe6 Bg7 40. Rc6 Rd7 41. Nb6 Ra6 42. Rc8+ 1-0


[Site "https://www.chess.com"]

[Event "Titled Tuesday Blitz May 31 Early 2022"]
[White "Legenia, Artem"]
[Black "Maevsky, Nikolay"]
[WhiteFideId "14136945"]
[BlackFideId "4198220"]
[WhiteElo "1936"]
[BlackElo "2149"]
[Result "1/2-1/2"]
[Round "10"]
[TimeControl "180+1"]
[Date "2022.06.01"]
[WhiteClock "0:00:05"]
[BlackClock "0:00:26"]

1. d4 d5 2. Nf3 Nf6 3. e3 Bg4 4. Bd3 e6 5. Nbd2 Nbd7 6. b3 a5 7. a3 c6 8. Bb2 Bd6 9. h3 Bh5 10. g4 Bg6 11. Qe2 Ne4 12. Ne5 Nxd2 13. Qxd2 Nxe5 14. dxe5 Be7 15. O-O-O Qb6 16. f4 Bxd3 17. Qxd3 a4 18. b4 O-O-O 19. Bd4 Qc7 20. Qc3 b5 21. h4 h5 22. g5 Qd7 23. Rhg1 Qe8 24. Bb6 Kb7 25. Bc5 Rc8 26. Kb2 Rc7 27. Bxe7 Rxe7 28. Qd3 Qf8 29. Qc3 Rd7 30. Rdf1 Qd8 31. Qc5 d4 32. exd4 Rxd4 33. f5 Rd5 34. Qe3 Qc7 35. fxe6 fxe6 36. Re1 Rf8 37. Rgf1 Rxf1 38. Rxf1 Rxe5 39. Qf3 Rf5 40. Qe2 Rxf1 41. Qxf1 Qe5+ 42. Kb1 Qf5 43. Qe2 g6 44. Qe3 Kc7 45. Qa7+ Kd6 46. Qd4+ Qd5 47. Qf4+ Qe5 48. Qd2+ Ke7 49. Qf2 Qe4 50. Qa7+ Kd6 51. Qc5+ Kd7 52. Qa7+ Ke8 53. Qb8+ Kd7 54. Qa7+ Kc8 55. Qa8+ Kc7 56. Qa7+ Kd6 57. Qc5+ Kd7 58. Qa7+ 1/2-1/2


[Site "https://www.chess.com"]

[Event "Titled Tuesday Blitz May 31 Early 2022"]
[White "Lopez Del Alamo, Antonio"]
[Black "Chernomordik, Pavel"]
[WhiteFideId "2227339"]
[BlackFideId "2804530"]
[WhiteElo "2089"]
[BlackElo "2220"]
[Result "1-0"]
[Round "10"]
[TimeControl "180+1"]
[Date "2022.06.01"]
[WhiteClock "0:00:34"]
[BlackClock "0:00:05"]

1. e4 g6 2. d4 Bg7 3. Nc3 d6 4. f3 a6 5. Be3 b5 6. Qd2 Bb7 7. O-O-O Nd7 8. h4 h6 9. h5 g5 10. Bd3 c5 11. dxc5 Nxc5 12. Kb1 Qc7 13. Nce2 Nf6 14. Nh3 Nfd7 15. Nf2 Na4 16. Bd4 Bxd4 17. Nxd4 Qc5 18. Nb3 Qe5 19. c3 Ndc5 20. Ng4 Qe6 21. Nd4 Qd7 22. Bc2 Nb6 23. Nf5 Nc4 24. Qd4 O-O-O 25. Bb3 e6 26. Bxc4 exf5 27. Nf6 Qe7 28. Bd5 fxe4 29. fxe4 Qe5 30. Qf2 Nxe4 31. Bxe4 Bxe4+ 32. Nxe4 Qxe4+ 33. Ka1 Rd7 34. Rhe1 Qf4 35. Qb6 d5 36. Qxa6+ Kb8 37. Qxb5+ Rb7 38. Qxd5 Qf2 39. Qd6+ Ka7 40. Qd4+ Qxd4 41. Rxd4 f5 42. a4 Rf8 43. Ka2 f4 44. b4 f3 45. gxf3 Rxf3 46. Kb3 Rc7 47. Rc4 Rxc4 48. Kxc4 g4 49. a5 g3 50. b5 g2 51. Re7+ Kb8 52. Rg7 Rf2 53. b6 Kc8 54. a6 Rf4+ 55. Kb3 Rf6 56. b7+ Kb8 57. Rg8+ 1-0


[Site "https://www.chess.com"]

[Event "Titled Tuesday Blitz May 31 Early 2022"]
[White "Makarian, Rudik"]
[Black "Shailesh, Dravid"]
[WhiteFideId "44105681"]
[BlackFideId "25017969"]
[WhiteElo "2419"]
[BlackElo "2205"]
[Result "1-0"]
[Round "10"]
[TimeControl "180+1"]
[Date "2022.05.31"]
[WhiteClock "0:01:59"]
[BlackClock "0:01:31"]

1. d3 c5 2. g3 Nc6 3. Bg2 e5 4. c4 d6 5. Nc3 g6 6. h4 h6 7. Nd5 Bg7 8. Nf3 Nge7 9. Nd2 Be6 10. e4 Nd4 11. h5 g5 12. g4 Qd7 13. f3 Nec6 14. O-O O-O 15. Rb1 a6 16. Nb6 Qc7 17. Nxa8 Rxa8 18. Nb3 b5 19. Nxd4 Nxd4 20. b3 Rb8 21. Be3 a5 22. Bxd4 exd4 23. cxb5 Rxb5 24. Qd2 Be5 25. f4 gxf4 26. Rxf4 Bxf4 27. Qxf4 Kg7 28. g5 Qe7 29. gxh6+ Kh7 30. e5 d5 31. Kh2 Rb8 32. Rg1 Rg8 33. Be4+ dxe4 34. Rxg8 Kxg8 35. Qg3+ Kf8 36. h7 Ke8 37. h8=Q+ Kd7 38. Qf6 Qf8 39. h6 exd3 40. Qxd3 Qb8 41. h7 1-0


[Site "https://www.chess.com"]

[Event "Titled Tuesday Blitz May 31 Early 2022"]
[White "Martinez Alcantara, Jose Eduardo"]
[Black "Niemann, Hans Moke"]
[WhiteFideId "3805662"]
[BlackFideId "2093596"]
[WhiteElo "2690"]
[BlackElo "2632"]
[Result "0-1"]
[Round "10"]
[TimeControl "180+1"]
[Date "2022.05.31"]
[WhiteClock "0:00:02"]
[BlackClock "0:00:14"]

1. e4 c6 2. d4 d5 3. e5 Bf5 4. h4 a6 5. Nc3 h6 6. g4 Bd7 7. h5 e6 8. Be3 c5 9. dxc5 Qc7 10. f4 Bxc5 11. Qd2 Ne7 12. Nf3 Bxe3 13. Qxe3 Nbc6 14. O-O-O b5 15. Kb1 Rc8 16. Bd3 Qa7 17. Qd2 b4 18. Ne2 a5 19. Ng3 a4 20. f5 a3 21. b3 Qc5 22. f6 gxf6 23. exf6 Ng8 24. Ba6 Rc7 25. Ne2 Nxf6 26. Qf4 Nb8 27. Qxf6 Qxc2+ 28. Ka1 Qb2+ 29. Qxb2 axb2+ 30. Kxb2 Nxa6 31. Rd4 Ke7 32. Rf4 f6 33. Rd4 Rhc8 34. Rd2 Nc5 35. Nf4 Ne4 36. Re2 Nc3 37. Rd2 Ra7 38. Ra1 Bc6 39. Nd4 Bd7 40. Nd3 Ne4 41. Re2 Rb7 42. Nc2 Bb5 43. Ncxb4 Kd6 44. Re3 e5 45. Rd1 Bxd3 46. Nxd3 Ke6 47. Ree1 Rbc7 48. Rc1 Nc3 49. b4 d4 50. Kb3 Kd5 51. a3 e4 52. Nf4+ Ke5 53. Ng6+ Kd6 54. Nh4 d3 55. Nf5+ Ke5 56. Rh1 d2 57. Rcd1 Nxd1 0-1


[Site "https://www.chess.com"]

[Event "Titled Tuesday Blitz May 31 Early 2022"]
[White "Melikyan, Gnel"]
[Black "Kostiukov, Alexandr"]
[WhiteFideId "54109990"]
[BlackFideId "14108100"]
[WhiteElo "1772"]
[BlackElo "2202"]
[Result "1-0"]
[Round "10"]
[TimeControl "180+1"]
[Date "2022.06.01"]
[WhiteClock "0:00:13"]
[BlackClock "0:00:03"]

1. Nf3 g6 2. c4 Bg7 3. Nc3 c5 4. b3 Nf6 5. Bb2 O-O 6. g3 Nc6 7. Bg2 d5 8. Nxd5 Nxd5 9. Bxg7 Kxg7 10. cxd5 Qxd5 11. O-O Bd7 12. Qc2 Rac8 13. Rfc1 b6 14. d3 Qd6 15. Qb2+ Kg8 16. Ng5 Nd4 17. Ne4 Qe5 18. Rab1 Bg4 19. f3 Bf5 20. e3 Nc6 21. f4 Qxb2 22. Rxb2 Nb4 23. Rd2 Rfd8 24. Rcd1 Bg4 25. Rb1 Rxd3 26. Rxd3 Nxd3 27. h3 Bf5 28. Rd1 Nb4 29. Rd2 h5 30. a3 Nc6 31. Nc3 Na5 32. Bd5 Bxh3 33. b4 cxb4 34. axb4 Rxc3 35. bxa5 bxa5 36. Ra2 Rc5 37. Bf3 Be6 38. Ra3 Bd7 39. Kf2 a4 40. Bd1 Rc4 41. Ke2 Rb4 42. Kd3 a5 43. Kc3 Be6 44. Bxa4 Rb1 45. Bc2 Rg1 46. Rxa5 Rxg3 47. Kd4 h4 48. Be4 h3 49. Ra1 h2 50. Rh1 Rh3 51. Bg2 Rh4 52. Ke5 Kg7 53. Ke4 Bf5+ 54. Kf3 Rh8 55. Kg3 1-0


[Site "https://www.chess.com"]

[Event "Titled Tuesday Blitz May 31 Early 2022"]
[White "Meunier-Pion, Jean"]
[Black "Domingo Nunez, Ruben"]
[WhiteFideId "20685327"]
[BlackFideId "22245570"]
[WhiteElo "2124"]
[BlackElo "2376"]
[Result "0-1"]
[Round "10"]
[TimeControl "180+1"]
[Date "2022.06.01"]
[WhiteClock "0:00:04"]
[BlackClock "0:00:07"]

1. e4 Nc6 2. d4 d5 3. e5 Bf5 4. Bb5 Qd7 5. f4 a6 6. Ba4 b5 7. Bb3 Na5 8. Nf3 e6 9. O-O c5 10. c3 Nxb3 11. axb3 Be7 12. Be3 c4 13. Nbd2 Nh6 14. h3 Bd3 15. Re1 Nf5 16. Bf2 h5 17. Nf1 a5 18. b4 Qd8 19. bxa5 Rxa5 20. Rxa5 Qxa5 21. Qa1 Qc7 22. Qa6 O-O 23. Ra1 b4 24. g4 hxg4 25. hxg4 Nh6 26. Ne3 bxc3 27. bxc3 Be2 28. Nh2 Qb8 29. Qa7 Qb2 30. Be1 Bd3 31. Qa2 Qxa2 32. Rxa2 f6 33. Ra7 Bd8 34. exf6 gxf6 35. g5 fxg5 36. fxg5 Bxg5 37. Neg4 Nxg4 38. Nxg4 Rf4 39. Nf2 Bf5 40. Bd2 Rxf2 41. Bxg5 Rf3 42. Ra8+ Kf7 43. Be7 Kxe7 44. Ra7+ Kf6 45. Ra3 Rd3 46. Kg2 Be4+ 47. Kf2 Kf5 48. Ke2 Rh3 49. Kd2 Kf4 50. Ra7 Rh2+ 51. Kd1 Ke3 52. Rg7 Rh1+ 53. Rg1 Rxg1# 0-1


[Site "https://www.chess.com"]

[Event "Titled Tuesday Blitz May 31 Early 2022"]
[White "Mikhalsky, Vladimir"]
[Black "Melikhov, Evgeny V."]
[WhiteFideId "14144352"]
[BlackFideId "4122046"]
[WhiteElo "2301"]
[BlackElo "1931"]
[Result "1-0"]
[Round "10"]
[TimeControl "180+1"]
[Date "2022.06.01"]
[WhiteClock "0:00:12"]
[BlackClock "0:00:10"]

1. e4 e5 2. Nf3 Nc6 3. Bb5 a6 4. Ba4 Nf6 5. d3 b5 6. Bb3 Be7 7. a4 Rb8 8. axb5 axb5 9. O-O d6 10. h3 O-O 11. Nc3 Be6 12. Bxe6 fxe6 13. Be3 Qd7 14. Ra6 Bd8 15. Ng5 Ne7 16. f4 exf4 17. Rxf4 Ng6 18. Rf1 h6 19. Nf3 b4 20. Ne2 c5 21. e5 Nd5 22. Rxd6 Nxe3 23. Rxd7 Nxd1 24. Rxd1 Rxf3 25. gxf3 Nxe5 26. Rd6 Nxf3+ 27. Kg2 Nh4+ 28. Kh1 Kf7 29. Nf4 Bf6 30. Rf1 Re8 31. Nh5 Nf5 32. Rd7+ Kg6 33. Nxf6 Kxf6 34. Rc7 Re7 35. Rxe7 Kxe7 36. Ra1 Ne3 37. c3 bxc3 38. bxc3 Nd5 39. Ra3 Nf4 40. Ra7+ Kf6 41. Rc7 Nxh3 42. Rxc5 Nf2+ 43. Kg2 Nxd3 44. Rc8 Ke5 45. Kf3 Nf4 46. Rc7 g5 47. Rh7 Nd5 48. c4 Nb6 49. c5 Nd5 50. Rxh6 Kd4 51. c6 Kc5 52. Rxe6 Kb6 53. Ke4 Nb4 54. Kd4 g4 55. Rg6 g3 56. Kc4 Nxc6 57. Kd5 g2 58. Rxc6+ 1-0


[Site "https://www.chess.com"]

[Event "Titled Tuesday Blitz May 31 Early 2022"]
[White "Miszler, Levente"]
[Black "Kovacevic, Radmila"]
[WhiteFideId "763276"]
[BlackFideId "933171"]
[WhiteElo "1966"]
[BlackElo "2115"]
[Result "1/2-1/2"]
[Round "10"]
[TimeControl "180+1"]
[Date "2022.06.01"]
[WhiteClock "0:00:06"]
[BlackClock "0:00:11"]

1. Nf3 d5 2. e3 c5 3. b3 Nc6 4. Bb2 Bg4 5. h3 Bxf3 6. Qxf3 e5 7. d3 Nf6 8. Nd2 Qa5 9. Be2 Bd6 10. O-O Qxd2 11. Qg3 O-O 12. Bd1 Rad8 13. f4 d4 14. Bc1 Qc3 15. Rb1 dxe3 16. Bxe3 exf4 17. Bxf4 Qd4+ 18. Kh1 Bxf4 19. Rxf4 Qe5 20. Qf2 Rfe8 21. Bg4 Nxg4 22. Rxg4 Qe2 23. Qf6 g6 24. Rf1 Qe7 25. Qf4 Ne5 26. Rg5 Nc6 27. Rg4 Rd4 28. Qf3 Rxg4 29. Qxg4 Ne5 30. Qa4 b6 31. Re1 Kf8 32. Qb5 Qd7 33. Qa6 Nc6 34. Rf1 Nb4 35. Qc4 Qe6 36. Qc3 Qe5 37. Qc4 f5 38. a3 Qd5 39. Qh4 Re2 40. Qg3 Nxc2 41. Qb8+ Kf7 42. Qc7+ Kf6 43. Rg1 Ne3 44. Qg3 Qe5 45. Qf3 Nd5 46. h4 Nf4 47. Qc6+ Qe6 48. Qc7 Nxd3 49. Qd8+ Qe7 50. Qxd3 Qe4 51. Qd6+ Kf7 52. Qd7+ Qe7 53. Qd5+ Kf8 54. Qc4 Qf7 55. Qxe2 Kg7 56. Qf2 Qe6 57. Re1 Qxb3 58. Qe3 Qc4 59. Qe7+ Kg8 60. Qe6+ Qxe6 61. Rxe6 Kf7 62. Rc6 Ke7 63. Kg1 Kd7 64. Rf6 Ke7 65. Rc6 Kd7 66. Rf6 Ke7 67. Rc6 1/2-1/2


[Site "https://www.chess.com"]